 Dungeon Crawl Stone Soup version 0.31.0-11-ge490571c62 (webtiles) character file.

Game seed: 13034025644769164788

131 Arcadio the Trooper (level 5, 0/57 HPs)
             Began as an Oni Delver on Jan 26, 2024.
             Slain by an ice beast (10 damage)
             ... on level 5 of the Dungeon.
             The game lasted 00:00:56 (415 turns).

Arcadio the Trooper (Oni Delver)                     Turns: 415, Time: 00:00:57

Health: 0/57       AC:  3    Str: 18    XL:     5   Next: 14%
Magic:  5/5        EV: 10    Int: 11    God:
Gold:   0          SH:  0    Dex: 10    Spells: 4/4 levels left

rFire   . . .        i - +0 morningstar
rCold   . . .        h - orb {*Rage}
rNeg    . . .        b - +0 robe
rPois   .            (helmet restricted)
rElec   .            (no cloak)
rCorr   .            (gloves unavailable)
SInv    .            (boots unavailable)
Will    .....        (no amulet)
Stlth   ++           (no ring)
HPRegen 0.29/turn    (no ring)
MPRegen 0.09/turn

%: random rage (20%)
@: no status effects
A: large, unfitting armour, horns 1, tough skin 1, double potion healing,
drunken brawling
a: no special abilities


You were on level 5 of the Dungeon.
You visited 1 branch of the dungeon, and saw 1 of its levels.

Inventory:

Hand Weapons
 a - a +0 mace
 i - a +0 morningstar (weapon)
Armour
 b - a +0 robe (worn)
 h - an orb of wrath (worn)
Wands
 g - a wand of digging (3)
Scrolls
 c - a scroll of fog
 d - a scroll of revelation
 e - a scroll of fear
Potions
 f - a potion of haste


   Skills:
 + Level 5.4 Fighting
 + Level 3.3 Maces & Flails
 + Level 3.0 Dodging
 - Level 3.7 Stealth


You had 4 spell levels left.
You didn't know any spells.
Your spell library was empty.

Dungeon Overview and Level Annotations

Branches:
Dungeon (5/15)
 Temple: D:4-7

Altars:


Innate Abilities, Weirdness & Mutations

You are too large for most types of armour.
You have a pair of small horns on your head.
You have tough skin. (AC +1)
You gain doubled healing and magic from potions.
Whenever you drink a healing potion, you attack all around you.


Message History

You feel yourself speed up.
You start resting.
You recover from your berserk rage.
You start resting.
HP restored.
You start waiting.
Done waiting.
There is a stone staircase leading down here.
You open the door.
There is an open door here.
You open the door.
There is an open door here.
An ice beast comes into view.
You closely miss the ice beast. You headbutt the ice beast!
The ice beast is moderately wounded.
The ice beast hits you. The ice beast freezes you!
You hit the ice beast but do no damage.
You headbutt the ice beast, but do no damage.
The ice beast is moderately wounded.
The ice beast hits you. The ice beast freezes you!
You completely miss the ice beast.
The ice beast is moderately wounded.
The ice beast hits you but does no damage. x2
You hit the ice beast but do no damage.
The ice beast is moderately wounded.
The ice beast hits you. The ice beast freezes you!
You barely miss the ice beast.
The ice beast is moderately wounded.
The ice beast barely misses you.
You barely miss the ice beast.
The ice beast is moderately wounded.
The ice beast hits you but does no damage.
The ice beast hits you. The ice beast freezes you!
* * * LOW HITPOINT WARNING * * *
You barely miss the ice beast. Your headbutt misses the ice beast.
The ice beast is moderately wounded.
The ice beast hits you.
* * * LOW HITPOINT WARNING * * *
The ice beast freezes you!
You die...

#.# #........####.## #<
#..##....###...## #.
#.###........##.....###.
#..........#.#..........
#####.####.#.##.....####
#.# #.#.###...##
#.####.#.# ##.##
#........# ###
###@##.#.# #Y#
##.##.#.## #........#
#...#.#..# .........
..#.........# #.#
#.##.##.... . #. .. .##.


You could see an ice beast.

Vanquished Creatures
  A phantom (D:5)
  A scorpion (D:5)
2 creatures vanquished.

Notes
Turn   | Place    | Note
-------+----------+-------------------------------------------
     0 | D:5      | Arcadio the Oni Delver began the quest for the Orb.
     0 | D:5      | Reached XP level 1. HP: 24/24 MP: 1/1
    21 | D:5      | Noticed a phantom
    38 | D:5      | Killed a phantom
    39 | D:5      | Reached skill level 5 in Fighting
    39 | D:5      | Reached XP level 2. HP: 35/35 MP: 2/2
    39 | D:5      | Reached XP level 3. HP: 42/42 MP: 3/3
    39 | D:5      | Reached XP level 4. HP: 50/50 MP: 4/4
   109 | D:5      | Noticed a scorpion
   122 | D:5      | Killed a scorpion
   123 | D:5      | Reached XP level 5. HP: 53/57 MP: 5/5
   404 | D:5      | Noticed an ice beast
   415 | D:5      | Slain by an ice beast

Illustrated notes

Levels and vault maps discovered:
D:5:      layout_loops_corners, nicolae_overflow_macrodata_refinement,
          hangedman_decor_clover_reticule, uniq_pikel, uniq_edmund, uniq_ijyb,
          uniq_sigmund

Skill      XL: |  1  2  3  4 |
---------------+-------------+-----
Fighting       | 5 |  5.4
Maces & Flails | 3 |  3.3
Dodging        | 2 3 |  3.0
Stealth        | |  3.7

Action                     |  1- 3 |  4- 6 || total
---------------------------+-------+-------++-------
  Melee: Mace              |     5 |       ||     5
         Headbutt          |     2 |     3 ||     5
         Morningstar       |       |    12 ||    12
 Armour: Robe              |     2 |    12 ||    14
  Dodge: Dodged            |     2 |     3 ||     5
